 Dungeon Crawl Stone Soup version 0.28.0 (webtiles) character file.

Game seed: 17127682933849022633

11 Morbidden the Sneak (level 2, 17/22 HPs)
             Began as a Demonspawn Brigand on Feb 8, 2022.
             Quit the game on level 1 of the Dungeon.
             The game lasted 00:00:34 (214 turns).

Morbidden the Sneak (Demonspawn Brigand)             Turns: 214, Time: 00:00:34

Health: 17/22      AC:  3    Str: 11    XL:     2   Next: 17%
Magic:  2/2        EV: 11    Int: 12    God:
Gold:   42         SH:  0    Dex: 14    Spells: 1/1 levels left

rFire   . . .      SeeInvis .   a - +2 dagger
rCold   . . .      Faith    .   (no shield)
rNeg    . . .      Spirit   .   b - +0 robe
rPois   .          Reflect  .   (no helmet)
rElec   .          Harm     .   c - +0 cloak
rCorr   .          Rampage  .   (no gloves)
Will    .....                   (no boots)
Stlth   +++.......              (no amulet)
HPRegen 0.07/turn               (no ring)
MPRegen 0.08/turn               (no ring)

@: no status effects
A: ignite blood 1
a: no special abilities


You were on level 1 of the Dungeon.
You visited 1 branch of the dungeon, and saw 1 of its levels.

You collected 42 gold pieces.

Inventory:

Hand Weapons
 a - a +2 dagger (weapon)
Missiles
 d - 8 poisoned darts (quivered)
 e - 2 curare-tipped darts
Armour
 b - a +0 robe (worn)
 c - a +0 cloak (worn)
 h - a +0 pair of boots
Scrolls
 g - a scroll of identify {unknown}
Potions
 f - a potion of mutation {unknown}


   Skills:
 * Level 2.0 Fighting
 * Level 1.8 Short Blades
 + Level 1.7 Throwing
 * Level 0.8 Dodging
 + Level 4.0 Stealth
 * Level 0.4 Spellcasting


You had one spell level left.
You didn't know any spells.
Your spell library contained the following spells:

 Spells                   Type           Power      Damage    Failure   Level
 Pain                     Necr           0%         1d4       32%         1
 Agony                    Necr           0%         N/A       100%        5
 Excruciating Wounds      Necr           0%         N/A       100%        5


Dungeon Overview and Level Annotations

Branches:
Dungeon (1/15)

Altars:


Innate Abilities, Weirdness & Mutations

Your demonic aura sometimes causes spilled blood to erupt in flames.


Message History

The hobgoblin is heavily wounded.
The hobgoblin closely misses you.
You closely miss the hobgoblin.
The hobgoblin is heavily wounded.
The hobgoblin misses you.
You hit the hobgoblin.
The hobgoblin is almost dead.
The hobgoblin is engulfed in blazing flames.
You kill the hobgoblin!
The frilled lizard closely misses you.
You miss the frilled lizard.
The frilled lizard bites you but does no damage.
You miss the frilled lizard. The frilled lizard closely misses you.
You hit the frilled lizard.
You kill the frilled lizard!
The rat bites you.
You hit the rat.
You kill the rat!
No target in view!
No target in view!
No target in view!
No target in view!
No target in view!
No target in view!
No target in view!
No target in view!
No target in view!
No target in view!
No target in view!
No target in view!
No target in view!
No target in view!
No target in view!
No target in view!
No target in view!
No target in view!
No target in view!
No target in view!
Unknown command.
Are you sure you want to abandon this character and quit the game? (Confirm with "yes".)

#...).....##............#
#.........###...........#
#.........#####.......).#
#.........##............#
####.##########.........#
#.......................#
#..............#.###.#..#
#................†......#
#..............#@###.#..#
#..............#†#[#.#..#
####.########. #.###.# .#
####.## #. .........
.....†# # #.###.#..
......# ... .... ......#
### ... .###.## ## .# #.#


There were no monsters in sight!

Vanquished Creatures
  2 giant cockroaches (D:1)
  A goblin (D:1)
  3 hobgoblins (D:1)
  A ball python (D:1)
  2 bats (D:1)
  A frilled lizard (D:1)
  A rat (D:1)
11 creatures vanquished.

Notes
Turn   | Place    | Note
-------+----------+-------------------------------------------
     0 | D:1      | Morbidden the Demonspawn Brigand began the quest for the
                  | Orb.
     0 | D:1      | Reached XP level 1. HP: 16/16 MP: 1/1
   203 | D:1      | Reached skill level 4 in Stealth
   203 | D:1      | Gained mutation: Your demonic aura sometimes causes spilled
                  | blood to erupt in flames. [demonic ancestry]
   203 | D:1      | Reached XP level 2. HP: 22/22 MP: 2/2
   214 | D:1      | Quit the game

Illustrated notes

Levels and vault maps discovered:
D:1:      minmay_arrival_jagged, layout_basic, minmay_surrounded

Skill      XL: |  1 |
---------------+----+-----
Stealth        | 4 |  4.0
Fighting       | |  2.0
Short Blades   | |  1.8
Throwing       | |  1.7
Dodging        | |  0.8
Spellcasting   | |  0.4

Action                   || total
-------------------------++-------
Melee: Dagger            ||    35
 Stab: Sleeping          ||     4
Armor: Robe              ||     6
Dodge: Dodged            ||    21
